 Dungeon Crawl Stone Soup version 0.30-a0-4-ga7cffc901d (webtiles) character file.

Game seed: 18163993018625850672

130239 greasedhog the Agent of Entropy (level 17, -5/113 HPs)
             Began as a Gargoyle Abyssal Knight on Aug 22, 2022.
             Was a Priest of Lugonu.
             Slain by a pharaoh ant (26 damage)
             ... on level 3 of the Spider Nest.
             The game lasted 01:12:24 (44205 turns).

greasedhog the Agent of Entropy (GrAK)             Turns: 44205, Time: 01:12:24

Health: -5/113     AC: 38    Str: 19    XL:     17   Next: 7%
Magic:  30/30      EV:  7    Int: 13    God:    Lugonu [***...]
Gold:   1250       SH: 11    Dex: 12    Spells: 16/16 levels left

rFire   + . .      SeeInvis +    D - +0 flail (drain)
rCold   + + +      Faith    .    B - +0 kite shield
rNeg    + + .      Spirit   .    M - +0 plate armour
rPois   ∞          Reflect  .    W - +2 helmet {SInv}
rElec   +          Harm     .    h - +1 cloak "Biepnaib" {rElec rC++ rN+ Str-2}
rCorr   .          Rampage  .    (no gloves)
Will    ++...                    l - +0 pair of boots
Stlth   ..........               Z - amulet of regeneration
HPRegen 1.08/turn                s - ring of Paranoia {rF+ Will+}
MPRegen 0.22/turn                V - ring of protection from cold

@: flying, studying 2 skills
A: sickness immunity, AC +12, big wings, negative energy resistance 1,
electricity resistance, torment resistance 1, petrification resistance
a: Renounce Religion, Depart the Abyss, Bend Space, Banish


You were on level 3 of the Spider Nest.
You worshipped Lugonu.
Lugonu was most pleased with you.
You visited 5 branches of the dungeon, and saw 27 of its levels.
You visited the Abyss 1 time.

You collected 2358 gold pieces.
You spent 1108 gold pieces at shops.

Inventory:

Hand Weapons
 D - a +0 flail of draining (weapon)
Missiles
 G - a throwing net (quivered)
Armour
 h - the +1 cloak "Biepnaib" (worn) {rElec rC++ rN+ Str-2}
   (You bought it in a shop on level 2 of the Orcish Mines)

   Str:       It affects your strength (-2).
   rC:        It greatly protects you from cold.
   rElec:     It insulates you from electricity.
   rN:        It protects you from negative energy.
 l - a +0 pair of boots (worn)
 x - a +0 cloak of preservation
 B - a +0 kite shield (worn)
 M - a +0 plate armour (worn)
 W - a +2 helmet of see invisible (worn)
Jewellery
 d - a +4 ring of protection
 i - a ring of magical power
 s - the ring of Paranoia (left hand) {rF+ Will+}
   (You found it on level 3 of the Spider Nest)

   [ring of willpower]

   rF:        It protects you from fire.
   Will:      It increases your willpower.
 w - a ring of protection from cold
 y - an amulet of reflection
 F - a ring of resist corrosion
 T - a ring of fire
 V - a ring of protection from cold (right hand)
 X - a +6 ring of strength
 Y - a ring of willpower
 Z - an amulet of regeneration (around neck)
Wands
 C - a wand of polymorph (10)
 I - a wand of mindburst (6)
 L - a wand of charming (26)
 R - a wand of acid (11)
 U - a wand of roots (10)
Scrolls
 a - 4 scrolls of poison
 f - 3 scrolls of enchant weapon
 g - 5 scrolls of amnesia
 j - 6 scrolls of teleportation
 m - 4 scrolls of blinking
 o - 5 scrolls of enchant armour
 p - 4 scrolls of summoning
 r - 2 scrolls of silence
 v - 3 scrolls of immolation
 A - 4 scrolls of magic mapping
 J - 3 scrolls of fog
 K - 2 scrolls of brand weapon
 N - 4 scrolls of fear
Potions
 b - 4 potions of curing
 c - 7 potions of lignification
 e - 4 potions of magic
 n - a potion of berserk rage
 q - 5 potions of mutation
 t - 5 potions of cancellation
 u - 9 potions of heal wounds
 z - 3 potions of invisibility
 P - 2 potions of ambrosia
 Q - a potion of brilliance {unknown}
 S - 5 potions of resistance {unknown}
Miscellaneous
 E - a lightning rod (4/4)
 O - a condenser vane


   Skills:
 - Level 15.0 Fighting
 - Level 12.3 Maces & Flails
 - Level 16.3 Armour
 - Level 5.1 Dodging
 * Level 11.9 Shields
 * Level 19.3 Invocations
 - Level 5.0 Evocations


You had 16 spell levels left.
You didn't know any spells.
Your spell library contained the following spells:

 Spells                   Type           Power      Damage    Failure   Level
 Foxfire                  Conj/Fire      0%         2x1d4     100%        1
 Freeze                   Ice            0%         1d3       100%        1
 Magic Dart               Conj           0%         1d3       100%        1
 Necrotise                Necr           0%         1d4       100%        1
 Sandblast                Erth           0%         2d4       100%        1
 Shock                    Conj/Air       0%         1d3       100%        1
 Slow                     Hex            0%         N/A       100%        1
 Blink                    Tloc           0%         N/A       100%        2
 Passwall                 Tmut/Erth      0%         N/A       100%        2
 Searing Ray              Conj           0%         2d4       100%        2
 Confusing Touch          Hex            0%         N/A       100%        3
 Conjure Flame            Conj/Fire      0%         6-21      100%        3
 Frozen Ramparts          Ice            0%         1d1       100%        3
 Inner Flame              Hex/Fire       0%         N/A       100%        3
 Lesser Beckoning         Tloc           0%         N/A       100%        3
 Ozocubu's Armour         Ice            0%         N/A       100%        3
 Stone Arrow              Conj/Erth      0%         3d7       100%        3
 Swiftness                Air            0%         N/A       100%        3
 Vampiric Draining        Necr           0%         2d6       100%        3
 Airstrike                Air            0%         2d(0-16)  100%        4
 Animate Dead             Necr           0%         N/A       100%        4
 Cause Fear               Hex            0%         N/A       100%        4
 Corpse Rot               Necr/Pois/Air  0%         N/A       100%        4
 Dispel Undead            Necr           0%         3d6       100%        4
 Flame Wave               Conj/Fire      0%         2d4       100%        4
 Fulminant Prism          Conj/Hex       0%         3d6       100%        4
 Hailstorm                Conj/Ice       0%         3d3       100%        4
 Petrify                  Tmut/Erth      0%         N/A       100%        4
 Summon Ice Beast         Ice/Summ       0%         N/A       100%        4
 Agony                    Necr           0%         N/A       100%        5
 Fireball                 Conj/Fire      0%         3d3       100%        5
 Iskenderun's Battlesphe  Conj           0%         2d6       100%        5
 Manifold Assault         Tloc           0%         N/A       100%        5
 Metabolic Englaciation   Hex/Ice        0%         N/A       100%        5
 Summon Forest            Summ/Tloc      0%         N/A       100%        5
 Summon Mana Viper        Hex/Summ       0%         N/A       100%        5
 Conjure Ball Lightning   Conj/Air       0%         3x3d6     100%        6
 Death Channel            Necr           0%         N/A       100%        6
 Eringya's Noxious Bog    Tmut/Pois      0%         N/A       100%        6
 Haunt                    Necr/Summ      0%         N/A       100%        7
 Monstrous Menagerie      Summ           0%         N/A       100%        7
 Orb of Destruction       Conj           0%         9d5       100%        7
 Ozocubu's Refrigeration  Ice            0%         4d7       100%        7
 Summon Hydra             Summ           0%         N/A       100%        7
 Discord                  Hex            0%         N/A       100%        8
 Infestation              Necr           0%         N/A       100%        8
 Statue Form              Tmut/Erth      Unusable   N/A       N/A         6

Dungeon Overview and Level Annotations

Branches:
Dungeon (15/15)            Temple (1/1) D:6            Lair (5/5) D:11
 Shoals (0/4) Lair:3       Spider (4/4) Lair:3        Slime (0/5) Lair:4
    Orc (2/2) D:9             Elf (0/3) Orc:2        Vaults (0/5) D:13
 Depths (0/4) D:15

Altars:
Ashenzari
Cheibriados
Dithmenos
Elyvilon
Fedhas
Gozag
Hepliaklqana
Kikubaaqudgha
Makhleb
Nemelex Xobeh
Okawaru
Qazlal
Ru
Sif Muna
Trog
Uskayaw
Vehumet
Wu Jian
Xom
Yredelemnul
Zin
The Shining One
Jiyva

Shops:
Orc:2 ![=[*

Portals:
Trove: D:10 (give 6 scrolls of fog)

Annotations:
D:14 3 runed translucent doors, Pesafeac's ghost, journeyman OpCj
Spider:2 Mlioglotl
Spider:3 corrupted
Orc:2 3 runed translucent doors, exclusion: obsidian statue, jejorda2's ghost, journeyman GnBe


Innate Abilities, Weirdness & Mutations

You are immune to sickness and miasma.
Your stone body is resilient. (AC +12)
You are immune to poison.
Your large and strong wings let you fly.
You resist negative energy. (rN+)
You are resistant to electric shocks. (rElec)
You are resistant to unholy torment.
You are immune to petrification.


Message History

You closely miss the wolf spider. You block the wolf spider's attack. x2
You hit the wolf spider. You drain the wolf spider.
The wolf spider is lightly wounded.
You block the wolf spider's attack. x2
Unknown command.
You sock the wolf spider!
The wolf spider is heavily wounded.
The wolf spider completely misses you. You block the wolf spider's attack.
The wolf spider barely misses you.
The wolf spider bites you but does no damage.
Unknown command.
You hit the wolf spider.
The wolf spider is heavily wounded.
The wolf spider hits you!
* * * LOW HITPOINT WARNING * * *
You block the wolf spider's attack.
You feel much better. The wolf spider hits you.
You block the wolf spider's attack.
The wolf spider hits you but does no damage.
The wolf spider bites you.
You hit the wolf spider.
The wolf spider is heavily wounded.
You block the wolf spider's attack.
The wolf spider bites you but does no damage.
You sock the wolf spider!
The wolf spider is severely wounded.
You block the wolf spider's attack.
The wolf spider bites you but does no damage.
You sock the wolf spider! You drain the wolf spider.
You kill the wolf spider!
Lugonu accepts your kill.
You hit the pharaoh ant.
The pharaoh ant is moderately damaged.
The pharaoh ant bites you!!
* * * LOW HITPOINT WARNING * * *
You completely miss the pharaoh ant.
The pharaoh ant is moderately damaged.
The pharaoh ant bites you but does no damage.
The pharaoh ant bites you!!
You die...

.#..............#..^..^..## #
............^#...###.####.## ##
#..###......##.....### ##.## ##.
....######..##.....## #..###..
#<..#### ##.....#...# #^......
#.#....# #.###..>..# #..^##..
#......# #.# #.....## #...##..
#......###### ###B.#.# #...##..
#.......##.# #@###.## ##..###..
.......#.#^#####†# #.^###....##..
.......##........####..#..##..#..
.......###^.......###..######....
#..##### #.#####..##..## ##.##.
^#.## ### ###^#########.###.
###.# ### #####.............
#.#########.####.#.#.............
.....................^...###....#


You could see a pharaoh ant.

Vanquished Creatures
  Arachne (Spider:1)
  Agnes (Spider:2)
  2 ghost moths
  An emperor scorpion (Spider:3)
  A spark wasp (Spider:1)
  A dire elephant (Lair:5)
  Josephine (Spider:1)
  3 ogre magi (Orc:2)
  A yaktaur captain (D:13)
  A catoblepas (Lair:5)
  Erolcha (Orc:2)
  5 centaur warriors
  A jorogumo (Spider:1)
  A boulder beetle (Lair:5)
  7 two-headed ogres
  4 hydras
  A deep troll shaman (Lair:5)
  4 death yaks (Lair:5)
  2 tengu warriors (D:15)
  4 pharaoh ants
  2 skeletal warriors (D:13)
  2 orb spiders
  3 steelbarb worms
  A wizard (D:14)
  A deep elf zephyrmancer (D:15)
  A necromancer (D:15)
  An orc knight (Orc:2)
  A deep elf pyromancer (D:8)
  8 cyclopes
  2 oklob plants
  5 orc sorcerers
  18 wolf spiders
  A manticore (D:11)
  A centaur zombie (D:15)
  5 moths of wrath
  15 elephants
  3 black mambas
  An eye of devastation (Lair:4)
  4 torpor snails
  A black mamba (shapeshifter) (D:15)
  A gargoyle (D:12)
  2 naga magi (D:15)
  11 cane toads
  A centaur skeleton (D:15)
  A demonic crawler (Spider:1)
  7 komodo dragons
  Psyche (D:10)
  A kobold demonologist (D:9)
  A rime drake (Lair:1)
  2 yaktaurs (D:13)
  A meliai (Spider:3)
  4 trolls
  3 polar bears
  6 slime creatures
  A hornet (D:10)
  19 tarantellas
  8 blink frogs
  13 dream sheep
  A centaur simulacrum (D:15)
  22 jumping spiders
  15 culicivoras
  Sigmund (D:5)
  5 wraiths
  4 wyverns
  2 vampires (D:10)
  3 water elementals (D:14)
  A fire elemental (Orc:2)
  Grum (Lair:1)
  47 yaks
  4 basilisks
  43 redbacks
  9 vampire mosquitoes
  Edmund (D:6)
  A steam dragon (D:8)
  2 wargs
  9 water moccasins
  An acid dragon (D:12)
  A floating eye (Lair:4)
  A swamp drake (Lair:1)
  A hell hound (Orc:2)
  3 sky beasts
  2 ice beasts
  21 orc warriors
  5 black bears
  11 centaurs
  12 ogres
  16 wolves
  2 phantoms
  4 kobold brigands
  12 bullfrogs
  3 gnoll sergeants
  4 scorpions
  3 necrophages
  5 wights (D:7)
  6 killer bees (D:9)
  4 howler monkeys
  An electric eel (D:14)
  6 hounds
  2 jellies (D:7)
  Crazy Yiuf (D:5)
  14 orc priests
  2 gnoll boudas
  4 iguanas
  An iguana (shapeshifter) (D:14)
  37 orc wizards
  6 hell rats
  20 gnolls
  4 adders
  2 shadow imps (D:7)
  An ufetubus (D:4)
  2 worms (D:4)
  A dart slug (D:5)
  97 orcs
  5 ball pythons
  2 endoplasms (D:4)
  2 giant cockroaches
  5 goblins
  10 hobgoblins
  9 jackals
  2 quokkas (D:2)
  6 bats
  4 frilled lizards
  18 kobolds
  3 rats (D:1)
757 creatures vanquished.

Vanquished Creatures (collateral kills)
  Azrael (Orc:2)
  3 fire elementals (Orc:2)
  3 hell hounds (Orc:2)
  A kobold brigand (D:9)
  An orc wizard (D:9)
  2 orcs (D:9)
11 creatures vanquished.

Vanquished Creatures (others)
  A wizard (D:15)
  A deep elf pyromancer (D:13)
  2 tarantellas (Spider:3)
  A yak (D:10)
  A warg (Orc:2)
  An ogre (D:9)
  2 orc wizards
  A gnoll (D:10)
  3 orcs
  A bush (Lair:5)
  27 fungi
  121 plants
  6 starspawn tentacles (Spider:3)
168 creatures vanquished.

Grand Total: 936 creatures vanquished

Notes
Turn   | Place    | Note
-------+----------+-------------------------------------------
     0 | Abyss:1  | greasedhog the Gargoyle Abyssal Knight began the quest for
                  | the Orb.
     0 | Abyss:1  | Reached XP level 1. HP: 14/14 MP: 2/2
    47 | Abyss:1  | Found a corrupted altar of Lugonu.
    82 | D:1      | Escaped the Abyss
   261 | D:1      | Reached XP level 2. HP: 15/19 MP: 3/3
  1062 | D:2      | Reached XP level 3. HP: 24/24 MP: 4/4
  1068 | D:2      | Reached *** piety under Lugonu
  1536 | D:2      | Reached XP level 4. HP: 30/30 MP: 5/5
  1537 | D:2      | Found a faded altar of an unknown god.
  1873 | D:3      | Found a shimmering altar of Xom.
  1873 | D:3      | Found a shimmering blue altar of Sif Muna.
  1873 | D:3      | Found a bloodstained altar of Trog.
  1925 | D:3      | Reached XP level 5. HP: 27/34 MP: 6/6
  2043 | D:3      | Reached skill level 5 in Fighting
  2635 | D:4      | Reached skill level 3 in Invocations
  2635 | D:4      | Reached XP level 6. HP: 23/40 MP: 6/8
  3319 | D:4      | Found a broken altar of Ashenzari.
  3331 | D:4      | Reached skill level 5 in Maces & Flails
  3331 | D:4      | Reached skill level 4 in Invocations
  3440 | D:4      | Reached XP level 7. HP: 44/44 MP: 10/10
  4032 | D:5      | Entered Level 5 of the Dungeon
  4096 | D:5      | Reached skill level 5 in Invocations
  4158 | D:5      | Found an ornate altar of the Wu Jian Council.
  4307 | D:5      | Noticed Sigmund
  4311 | D:5      | Reached XP level 8. HP: 49/49 MP: 12/12
  4321 | D:5      | Reached **** piety under Lugonu
  4324 | D:5      | Found a sparkling altar of Nemelex Xobeh.
  4343 | D:5      | Reached skill level 6 in Invocations
  4354 | D:5      | Killed Sigmund
  4784 | D:5      | Found a runed translucent door.
  4785 | D:5      | Noticed Crazy Yiuf
  4831 | D:5      | Found a runed translucent door.
  4854 | D:5      | Reached skill level 7 in Invocations
  5394 | D:5      | Reached XP level 9. HP: 52/54 MP: 14/14
  5415 | D:5      | Reached skill level 8 in Invocations
  5520 | D:5      | Paralysed by Crazy Yiuf for 3 turns
  5522 | D:5      | Killed Crazy Yiuf
  5845 | D:6      | Found a snail-covered altar of Cheibriados.
  5860 | D:6      | Found a staircase to the Ecumenical Temple.
  5869 | Temple   | Entered the Ecumenical Temple
  6101 | D:6      | Noticed Edmund
  6118 | D:6      | Killed Edmund
  6756 | D:7      | Reached skill level 9 in Invocations
  6884 | D:7      | Noticed a two-headed ogre
  6884 | D:7      | Noticed a troll
  7063 | D:7      | Reached skill level 10 in Invocations
  7134 | D:7      | Reached skill level 10 in Maces & Flails
  7134 | D:7      | Reached XP level 10. HP: 59/59 MP: 17/17
  7787 | D:7      | Reached skill level 11 in Invocations
  7867 | D:7      | Killed a two-headed ogre
  8918 | D:8      | Found a white marble altar of Elyvilon.
  9203 | D:8      | Noticed a deep elf pyromancer
  9210 | D:8      | Killed a deep elf pyromancer
  9211 | D:8      | Reached skill level 12 in Invocations
  9211 | D:8      | Reached XP level 11. HP: 26/63 MP: 18/20
  9923 | D:8      | Noticed a two-headed ogre
 10018 | D:8      | Killed a two-headed ogre
 10360 | D:8      | Noticed a two-headed ogre
 10365 | D:8      | Killed a two-headed ogre
 10798 | D:9      | Found a burning altar of Makhleb.
 11048 | D:9      | Identified a scroll of acquirement
 11049 | D:9      | Acquired a manual of Armour
 11130 | D:9      | Reached skill level 1 in Shields
 11761 | D:9      | Found a staircase to the Orcish Mines.
 11861 | D:9      | Reached ***** piety under Lugonu
 12002 | D:9      | Reached skill level 13 in Invocations
 12116 | D:9      | Noticed a sixfirhy
 12798 | D:10     | Entered Level 10 of the Dungeon
 12811 | D:10     | Found a portal to a secret trove of treasure.
 13110 | D:10     | Noticed Psyche
 13117 | D:10     | Killed Psyche
 13178 | D:10     | Found a shadowy altar of Dithmenos.
 13180 | D:10     | Reached skill level 5 in Armour
 13386 | D:10     | Found an ancient bone altar of Kikubaaqudgha.
 14050 | D:10     | Found a stormy altar of Qazlal.
 14436 | D:11     | Noticed a cyclops
 14454 | D:10     | Killed a cyclops
 14455 | D:10     | Reached skill level 5 in Shields
 14455 | D:10     | Reached XP level 12. HP: 55/68 MP: 22/22
 14520 | D:11     | Noticed a boulder beetle
 14522 | D:11     | Banished a boulder beetle
 14639 | D:11     | Found a staircase to the Lair.
 14676 | D:11     | Reached skill level 14 in Invocations
 14922 | D:11     | Noticed a two-headed ogre
 14933 | D:11     | Killed a two-headed ogre
 15530 | Lair:1   | Entered Level 1 of the Lair of Beasts
 15763 | Lair:1   | Found a frozen archway.
 16229 | Lair:1   | Noticed Grum
 16250 | Lair:1   | Reached skill level 10 in Armour
 16257 | Lair:1   | Killed Grum
 17124 | Lair:2   | Found a radiant altar of Vehumet.
 17972 | Lair:2   | Reached skill level 15 in Invocations
 17972 | Lair:2   | Reached XP level 13. HP: 47/78 MP: 24/24
 18721 | Lair:3   | Found a hole to the Spider Nest.
 19236 | Lair:3   | Found a staircase to the Shoals.
 20599 | Lair:4   | Found a staircase to the Slime Pits.
 20600 | Lair:4   | Found a viscous altar of Jiyva.
 20603 | Lair:4   | Paralysed by a floating eye for 2 turns
 20862 | Lair:4   | Found an ornate altar of the Wu Jian Council.
 20864 | Lair:4   | Found a hide-covered altar of Uskayaw.
 21147 | Lair:4   | Reached skill level 10 in Fighting
 21149 | Lair:4   | Acquired a manual of Armour
 21276 | Lair:4   | Reached skill level 16 in Invocations
 21601 | Lair:5   | Entered Level 5 of the Lair of Beasts
 21754 | Lair:5   | Reached skill level 1 in Evocations
 22455 | Lair:5   | Gained mutation: Your large and strong wings let you fly.
                  | [Gargoyle growth]
 22455 | Lair:5   | Reached XP level 14. HP: 88/88 MP: 26/26
 23081 | Lair:5   | Reached skill level 15 in Armour
 23376 | Lair:5   | Reached ****** piety under Lugonu
 23659 | Lair:5   | Noticed a dire elephant
 23784 | Lair:5   | Killed a dire elephant
 23795 | Lair:5   | Identified the +7 rapier of Fortitude {vamp, rPois}
 23796 | Lair:5   | Identified the +1 robe "Xuonudi" {Harm rPois Str-4 Dex+6}
 25131 | Orc:1    | Entered Level 1 of the Orcish Mines
 25153 | D:9      | Reached skill level 17 in Invocations
 25402 | D:9      | Reached skill level 5 in Evocations
 26075 | Orc:1    | Reached skill level 1 in Dodging
 26679 | Orc:2    | Entered Level 2 of the Orcish Mines
 27201 | Orc:2    | Found a runed translucent gate.
 27201 | Orc:2    | Found a runed translucent gate.
 27201 | Orc:2    | Found a runed translucent gate.
 27202 | Orc:2    | Found an opulent altar of Gozag.
 27204 | Orc:2    | Noticed jejorda2's ghost (journeyman GnBe)
 27207 | Orc:2    | Found Gianuthre's Assorted Antiques.
 27338 | Orc:2    | Found a staircase to the Elven Halls.
 27375 | Orc:2    | Noticed Azrael
 27725 | Orc:2    | Noticed an orc warlord
 27784 | Orc:1    | Banished an orc warlord
 28628 | Orc:2    | Killed Azrael
 28885 | Orc:2    | Found Tirun's Distillery.
 28892 | Orc:2    | Bought a potion of heal wounds for 80 gold pieces
 28892 | Orc:2    | Bought a potion of heal wounds for 80 gold pieces
 28905 | Orc:2    | Found an ancient bone altar of Kikubaaqudgha.
 28922 | Orc:2    | Paralysed by an orc sorcerer for 5 turns
 28935 | Orc:2    | Paralysed by an orc sorcerer for 4 turns
 29030 | Orc:2    | Found Hannel's Antique Armour Shoppe.
 29061 | Orc:2    | Reached XP level 15. HP: 62/94 MP: 27/27
 29105 | Orc:2    | Noticed Erolcha
 29119 | Orc:2    | Killed Erolcha
 29386 | Orc:2    | Bought a scorched cloak for 228 gold pieces
 29386 | Orc:2    | Identified the +1 cloak "Biepnaib" {rElec rC++ rN+ Str-2}
                  | (You bought it in a shop on level 2 of the Orcish Mines)
 29386 | Orc:2    | Bought a runed buckler for 180 gold pieces
 29407 | Orc:2    | Bought a glowing cloak for 180 gold pieces
 29412 | Orc:2    | Found a radiant altar of Vehumet.
 29503 | Orc:2    | Paralysed by an ogre mage for 2 turns
 29582 | Orc:2    | Found Uqowkuge's Jewellery Shoppe.
 29585 | Orc:2    | Found Dufyzup's Antique Armour Emporium.
 29610 | Orc:2    | Bought an amulet of reflection for 360 gold pieces
 30109 | D:12     | You are sucked into a shaft and drop 2 floors!
 30630 | D:14     | Found a radiant altar of Vehumet.
 31188 | D:13     | Reached skill level 18 in Invocations
 32021 | D:12     | Reached skill level 5 in Dodging
 32879 | D:13     | Found a gate to the Vaults.
 33861 | D:14     | Found a runed translucent gate.
 33862 | D:14     | Found a runed translucent gate.
 33862 | D:14     | Found an ancient bone altar of Kikubaaqudgha.
 33862 | D:14     | Found a runed translucent gate.
 33863 | D:14     | Noticed a lich
 33863 | D:14     | Noticed Pesafeac's ghost (journeyman OpCj)
 33863 | D:14     | Noticed a lich
 33863 | D:14     | Noticed a lich
 33864 | D:14     | Noticed a lich
 34071 | D:15     | Entered Level 15 of the Dungeon
 34688 | D:15     | Found a glowing golden altar of the Shining One.
 35106 | D:15     | Found a staircase to the Depths.
 35435 | Spider:1 | Entered Level 1 of the Spider Nest
 36448 | Spider:1 | Reached XP level 16. HP: 78/104 MP: 29/29
 36890 | Spider:1 | Noticed Josephine
 37659 | Spider:1 | Killed Josephine
 39104 | Spider:2 | Noticed Arachne
 39178 | Spider:1 | Killed Arachne
 40399 | Spider:2 | Noticed Agnes
 40412 | Spider:2 | Killed Agnes
 40413 | Spider:2 | Reached skill level 10 in Shields
 41742 | Spider:2 | Reached skill level 15 in Fighting
 42573 | Spider:3 | Identified the ring of Paranoia {rF+ Will+}
 42809 | Spider:3 | Reached skill level 19 in Invocations
 43179 | Spider:3 | Reached XP level 17. HP: 99/113 MP: 30/30
 43295 | Spider:3 | Noticed Mlioglotl
 43311 | Spider:3 | Corrupted Spider:3
 43311 | Spider:3 | Noticed a tentacled starspawn
 44142 | Spider:4 | Entered Level 4 of the Spider Nest
 44205 | Spider:3 | Slain by a pharaoh ant

Illustrated notes

Levels and vault maps discovered:
D:1:      dpeg_arrival_another_circle, layout_loops_cross, serial_bayou_pond_a,
          nrook_campfire
D:2:      cheibrodos_old_hovel, layout_basic, basic_ecumenical_altar
D:3:      layout_basic, chequers_temple_overflow_statue_of_worship
D:4:      layout_basic, mainiacjoe_overflow_cross_hatched,
          cheibrodos_sewer_entry_bend
D:5:      layout_cave_pools, mainiacjoe_overflow_alcove_4,
          mainiacjoe_overflow_paths, lightli_church_of_beogh, uniq_sigmund,
          uniq_crazy_yiuf_cottage
D:6:      layout_loops_ring, mainiacjoe_overflow_surrounded_room,
          minmay_temple_entry_waves, uniq_edmund
D:7:      minmay_the_grid_square_5x5_3x3 [minmay_the_grid_square_5x5_dogpile,
          minmay_the_grid_square_5x5_six, minmay_the_grid_square_5x5_meh,
          minmay_the_grid_square_5x5_detours,
          minmay_the_grid_square_5x5_megaprize_open,
          minmay_the_grid_square_5x5_fancy_junction,
          minmay_the_grid_square_5x5_n_small,
          minmay_the_grid_square_5x5_minimal,
          minmay_the_grid_square_5x5_shuriken], layout_gridville,
          minmay_misc_feat_x
D:8:      wad_cavern_with_rooms, layout_cave_pods,
          mainiacjoe_overflow_small_starburst
D:9:      layout_roguey, mainiacjoe_overflow_brackets, erik_orc_3
D:10:     layout_roguey, grunt_dithmenos_smoke_and_mirrors,
          mainiacjoe_overflow_alcove_1, nicolae_qazlal_scattered_showers,
          enter_trove_1, uniq_psyche
D:11:     layout_basic, dpeg_oklobed_lair
D:12:     layout_stronghold
D:13:     layout_irregular_city, david_vaults_2
D:14:     layout_basic, nicolae_vehumet_altar_sigil, gammafunk_ghost_crypt
D:15:     grunt_enter_depths_magical_seal, layout_gridville,
          nicolae_tso_swordbearing_angel
Temple:   hellmonk_temple_micro_hex
Lair:1:   layout_hall_layers, portal_ice_cave_rime, hibernation_bobbens,
          uniq_grum
Lair:2:   minmay_lair_oklob_tunnel, layout_big_grid, basic_altar,
          infiniplex_staircase_pool_2, grunt_megastairs_4
Lair:3:   layout_cave_pods, minmay_shoals_entry_centaurs,
          spider_nest_entry_rubble, lemuel_fruit_tree, lemuel_fruit_fields,
          grunt_megastairs_1, serial_bayou_shore_a
Lair:4:   layout_cellular_growth, minmay_slime_entry_eyes,
          chequers_serial_rivers_large_a, nzn_masters_of_martial_movement
Lair:5:   grunt_lair_end_beastmaster, layout_long_grid, grunt_megastairs_5
Spider:1: layout_spider_delve, nicolae_spider_webbed_stairs, uniq_josephine
Spider:2: layout_spider_delve, spiders_nest_spider_trap,
          nicolae_spider_cling_halls, uniq_agnes, uniq_arachne
Spider:3: layout_chambers, hangedman_spider_tarantella_strand, uniq_mlioglotl
Spider:4: grunt_spider_rune_circles
Orc:1:    layout_caves, david_defended_altar_orc
Orc:2:    kennysheep_orc_mage_school, layout_diamond_mine, ebering_ghost_gozag,
          uniq_azrael

Skill      XL: |  1  2  3  4  5  6  7  8  9 10 11 12 13 14 15 16 |
---------------+-------------------------------------------------+-----
Fighting       | 4 5 8 10 11 13 15 | 15.0
Maces & Flails | 3 4 5 6 8 10 11 12 | 12.3
Invocations    | 3 4 5 7 10 12 13 15 16 17 18 19 | 19.3
Shields        | 5 7 11 | 11.9
Armour         | 7 11 14 16 | 16.3
Evocations     | 2 5 |  5.0
Dodging        | 3 5 |  5.1

Action                   |  1- 3 |  4- 6 |  7- 9 | 10-12 | 13-15 | 16-18 || total
-------------------------+-------+-------+-------+-------+-------+-------++-------
Melee: Mace              |   109 |    46 |       |       |       |       ||   155
       Punch             |     1 |     2 |     3 |       |       |       ||     6
       Trident           |       |    57 |   182 |       |       |       ||   239
       War axe           |       |       |    87 |       |       |       ||    87
       Flail             |       |       |   108 |  1094 |  2179 |  1141 ||  4522
       Unarmed           |       |       |       |     1 |       |       ||     1
Throw: Dart              |       |       |       |    13 |       |       ||    13
Invok: Banish            |       |       |     7 |     9 |    21 |    24 ||    61
       Bend Space        |       |       |       |       |       |     1 ||     1
       Corrupt           |       |       |       |       |       |     1 ||     1
Evoke: Wand              |       |       |       |     8 |       |     8 ||    16
       Lightning rod     |       |       |       |     4 |     6 |       ||    10
  Use: Scroll            |     5 |     1 |     5 |    11 |     7 |     8 ||    37
       Potion            |       |       |     4 |       |     8 |     5 ||    17
Armor: Leather armour    |    40 |       |       |       |       |       ||    40
       Scale mail        |    90 |    36 |       |       |       |       ||   126
       Chain mail        |       |    32 |   291 |   241 |       |       ||   564
       Plate armour      |       |       |       |   592 |  1835 |   948 ||  3375
Dodge: Dodged            |   150 |    34 |   112 |   271 |   693 |   325 ||  1585
Block: Buckler           |       |       |    26 |   185 |   381 |       ||   592
       Kite shield       |       |       |       |       |   586 |   985 ||  1571
       Reflection        |       |       |       |       |    28 |     5 ||    33

Table legend: (Time is in decaauts)
 A = Elapsed time spent in this place.
 B = Non-inter-level travel time spent in this place.
 C = Inter-level travel time spent in this place.
 D = Time resting spent in this place.
 E = Time spent auto-exploring this place.
 F = Levels seen in this place.
 G = Mean time per level.
                   A        B        C        D        E       F      G
               +--------+--------+--------+--------+--------+-----+--------+
         Total |  43909 |  41889 |   2020 |  11731 |  21603 |  28 | 1568.2 |
       Dungeon |  22079 |  20877 |   1202 |   5204 |  11809 |  15 | 1471.9 |
        Temple |      1 |      1 |      0 |      0 |      0 |   1 |    1.0 |
          Lair |   9425 |   9131 |    294 |   2073 |   5398 |   5 | 1885.0 |
   Spider Nest |   8697 |   8287 |    410 |   3079 |   3110 |   4 | 2174.2 |
  Orcish Mines |   3623 |   3510 |    113 |   1373 |   1233 |   2 | 1811.5 |
         Abyss |     82 |     82 |      0 |      0 |     52 |   1 |   82.0 |
               +--------+--------+--------+--------+--------+-----+--------+

Top non-repeatable levels by time:
Spider:1: 3902 daAuts
  Lair:5: 2801 daAuts
     D:9: 2776 daAuts
   Orc:2: 2741 daAuts
Spider:2: 2631 daAuts
Spider:3: 2149 daAuts
  Lair:4: 2132 daAuts
     D:7: 2038 daAuts
     D:8: 1992 daAuts
    D:13: 1790 daAuts
     D:5: 1668 daAuts
    D:10: 1645 daAuts
  Lair:2: 1576 daAuts
  Lair:3: 1550 daAuts
     D:4: 1459 daAuts
